 Dungeon Crawl Stone Soup version 0.23-a0-703-gdf2d5e0 (console) character file.

63 bli the Chopper (level 4, -7/35 HPs)
             Began as a Formicid Abyssal Knight on Jan 13, 2019.
             Was a Follower of Lugonu.
             Mangled by Sigmund
             ... wielding a +3 scythe of flaming
              (11 damage)
             ... on level 3 of the Dungeon.
             The game lasted 00:05:34 (1741 turns).

bli the Chopper (Formicid Abyssal Knight)           Turns: 1741, Time: 00:05:34

Health: -7/35      AC:  3    Str: 18    XL:     4   Next: 30%
Magic:  5/5        EV: 10    Int: 11    God:    Lugonu [*.....]
Gold:   112        SH:  3    Dex: 10    Spells: 3/3 levels left

rFire    + . .     SeeInvis +   a - +1 hand axe
rCold    x . .     Gourm    .   h - +0 buckler
rNeg     . . .     Faith    .   b - +0 leather armour
rPois    .         Spirit   .   (helmet unavailable)
rElec    .         Reflect  .   (no cloak)
rCorr    .         Harm     .   (no gloves)
MR       .....                  (no boots)
Stlth    +.........             (no amulet)
HPRegen  0.11/turn              r - ring of fire
MPRegen  0.09/turn              (no ring)

@: lethally poisoned (-7 -> -8)
A: permanent stasis, dig shafts and tunnels, four strong arms, antennae 3
a: Dig, Shaft Self, Depart the Abyss, Renounce Religion


You were on level 3 of the Dungeon.
You worshipped Lugonu.
Lugonu was aware of your devotion.
You were hungry.

You visited 1 branch of the dungeon, and saw 3 of its levels.
You visited the Abyss 1 time.

You collected 112 gold pieces.

Inventory:

Hand Weapons
 a - a +1 hand axe (weapon)
Missiles
 g - 94 stones (quivered)
 q - 28 sling bullets
Armour
 b - a +0 leather armour (worn)
 h - a +0 buckler (worn)
 k - a +0 ring mail
 t - a +0 buckler
Jewellery
 r - a ring of fire (left hand)
Scrolls
 f - a scroll of amnesia {unknown}
 i - 5 scrolls of identify {unknown}
 j - 2 scrolls of enchant weapon {unknown}
 o - 2 scrolls of teleportation {unknown}
 p - a scroll of fear {unknown}
 s - 2 scrolls of remove curse {unknown}
 u - a scroll of random uselessness {unknown}
 v - a scroll of enchant armour {unknown}
Potions
 d - a potion of might {unknown}
 e - a potion of magic {unknown}
 l - a potion of heal wounds {unknown}
 m - 2 potions of haste {unknown}
 n - a potion of curing {unknown}
Comestibles
 c - 4 rations


   Skills:
 + Level 3.3 Fighting
 * Level 4.2 Axes
 - Level 2.1 Armour
 - Level 0.8 Dodging
 * Level 0.1 Shields
 - Level 2.1 Invocations


You had 3 spell levels left.
You didn't know any spells.
Your spell library was empty.

Dungeon Overview and Level Annotations

Branches:
Dungeon (3/15)

Altars:
Ru

Annotations:
D:3 Sigmund


Innate Abilities, Weirdness & Mutations

You cannot be hasted, slowed, berserked, paralysed or teleported.
You can dig through walls and to a lower floor.
Your four strong arms can wield two-handed weapons with a shield.
You have a pair of large antennae on your head. (SInv)


Message History

Sigmund hits you with a +3 scythe of flaming.
The adder bites you. The adder closely misses you.
You closely miss Sigmund. You hit the adder.
Sigmund hits you but does no damage. The adder barely misses you.
You hit Sigmund but do no damage. You hit the adder.
You block the adder's attack.
Sigmund points at you and mumbles some strange words.
The puff of flame hits you! You resist.
You barely miss Sigmund. You barely miss the kobold.
You closely miss the adder.
You feel sick. The adder closely misses you.
Sigmund hits you with a +3 scythe of flaming!
* * * LOW HITPOINT WARNING * * *
Sigmund burns you.
* * * LOW HITPOINT WARNING * * *
The adder barely misses you.
The kobold unwields a +0 blowgun.
The kobold wields a +0 dagger.
The kobold hits you but does no damage.
There is a stone staircase leading up here.
You see here a poisoned needle.
The adder bites you.
* * * LOW HITPOINT WARNING * * *
Sigmund hits you from afar with a +3 scythe of flaming!
You die...

#.##### .... #.....###
#≈..... ##......#
≈≈≈.....# #.#..#.#
≈(≈≈≈≈..# ##......#
≈≈≈.≈≈..# ####....≈..#
≈≈≈≈≈≈..#####.....≈≈...#
#≈≈≈≈≈..........(..≈≈..#
..≈≈≈..................#
≈≈≈≈≈.g......>....##.#.#
≈≈≈≈≈≈@S@.........# .#.#
≈≈≈≈≈≈K...........# .# #
≈≈≈≈..............#
.≈≈≈≈l............#
.≈≈≈.≈.###+##+###.#
.≈≈≈≈.. .# .≈≈≈... .
≈≈≈≈≈..


You could see Sigmund, an adder, a hobgoblin, a kobold and a frilled lizard.

Vanquished Creatures
  An adder (D:2)
  A worm (D:2)
  A dart slug (D:1)
  3 leopard geckos
  2 giant cockroaches (D:2)
  5 goblins
  6 hobgoblins
  7 jackals (D:2)
  A quokka (D:2)
  2 ball pythons
  2 bats
  3 frilled lizards (D:1)
  3 kobolds
  5 rats
42 creatures vanquished.

Notes
Turn   | Place    | Note
-------+----------+-------------------------------------------
     0 | Abyss:1  | bli the Formicid Abyssal Knight began the quest for the
                  | Orb.
     0 | Abyss:1  | Reached XP level 1. HP: 18/18 MP: 2/2
    71 | Abyss:1  | Noticed a large abomination
    80 | D:1      | Escaped the Abyss
   188 | D:1      | Reached XP level 2. HP: 21/24 MP: 3/3
   389 | D:1      | Reached * piety under Lugonu
   389 | D:1      | Reached skill level 3 in Axes
   702 | D:1      | Reached XP level 3. HP: 27/29 MP: 4/4
  1147 | D:2      | Reached skill level 4 in Axes
  1147 | D:2      | Reached XP level 4. HP: 22/35 MP: 5/5
  1496 | D:2      | Found a sacrificial altar of Ru.
  1601 | D:3      | Noticed Sigmund
  1741 | D:3      | Mangled by Sigmund

Vault maps used:
D:1:      dpeg_arrival_tiny_c
D:2:      minmay_stone_trees_small, nicolae_ru_path_of_blood
D:3:      serial_rivers, chequers_serial_rivers_micro_a,
          chequers_serial_rivers_micro_c, chequers_serial_rivers_small_3,
          chequers_serial_rivers_micro_c, chequers_serial_rivers_marsh,
          chequers_serial_rivers_large_a, uniq_sigmund

Skill      XL: |  1  2  3 |
---------------+----------+-----
Axes           | 3 4 |  4.2
Fighting       | |  3.3
Armour         | |  2.1
Dodging        | |  0.8
Shields        | |  0.1
Invocations    | |  2.1

Action                   |  1- 3 |  4- 6 || total
-------------------------+-------+-------++-------
Melee: Hand axe          |    89 |    35 ||   124
Throw: Stone             |     7 |     6 ||    13
Invok: Depart the Abyss  |     1 |       ||     1
  Eat: Chunk             |     1 |     1 ||     2
Armor: Leather armour    |    21 |     7 ||    28
Dodge: Dodged            |    43 |    19 ||    62
Block: Buckler           |     3 |    10 ||    13

Table legend:
 A = Non-vault XP
 B = Vault XP
 C = Vault XP percentage of total XP
 D = Non-vault monster count
 E = Vault monster count
 F = Vault count percentage of total count
                 A         B        C        D         E       F
            +---------+---------+-------+---------+---------+-------
      Total |      90 |       0 |   0.0 |      42 |       0 |   0.0
            +---------+---------+-------+---------+---------+-------
        D:1 |      32 |       0 |   0.0 |      18 |       0 |   0.0
        D:2 |      56 |       0 |   0.0 |      23 |       0 |   0.0
        D:3 |       2 |       0 |   0.0 |       1 |       0 |   0.0
            +---------+---------+-------+---------+---------+-------
